Map: Acropolis EC

Players

Uzikoti - Winner!

  • Race: Terran Terran
  • League: Master
  • Spawn Location: 5:00

ArT

  • Race: Protoss Protoss
  • Spawn Location: 11:00

VOD

Have the link to the VOD?

Description

Time

  • Played on: Aug. 26, 2019, 5:06 p.m.
  • Length: 11:39
Show
View Real Time Build Order
Export as new Build Order

Uzikoti Terran - Winner!

Build Orders: Command Center First (CC) 

Get SALT Encoding   

  12  0:00  SCV  
  13  0:12  SCV  
  14  0:17  Supply Depot  
  14  0:25  SCV  
  15  0:38  SCV  
  16  0:50  SCV  
  17  0:59  Command Center  
  17  1:02  SCV  
  18  1:14  Barracks  
  18  1:18  SCV  
  19  1:30  SCV  
  20  1:34  Barracks  
  20  1:37  Refinery  
  20  1:43  SCV  
  21  1:55  SCV  
  21  2:00  Marine  
  23  2:05  Bunker  
  23  2:08  Orbital Command  
  23  2:15  Orbital Command  
  23  2:20  Marine  
  23  2:21  Marine  
  25  2:27  Refinery  
  25  2:34  SCV  
  26  2:38  Marine  
  26  2:39  Marine  
  26  2:41  SCV  
  29  2:46  SCV  
  29  2:49  Factory  
  30  2:53  SCV  
  31  3:02  SCV  
  32  3:05  SCV  
  32  3:06  Barracks Reactor  
  32  3:07  Supply Depot  
  32  3:10  Barracks Tech Lab  
  33  3:14  SCV  
  33  3:18  SCV  
  35  3:26  SCV  
  36  3:30  SCV  
  36  3:31  Marine  
  36  3:32  Stimpack  
  36  3:33  Widow Mine  
  40  3:34  Barracks  
  40  3:37  Engineering Bay  
  40  3:38  SCV  
  40  3:41  Supply Depot  
  41  3:42  SCV, Marine x2  
  43  3:50  SCV  
  43  3:53  Refinery  
  44  3:56  Marine  
  44  3:57  Factory Tech Lab  
  44  4:02  Marine x2, SCV  
  48  4:04  SCV  
  48  4:05  Supply Depot  
  48  4:06  Terran Infantry Weapons Level 1  
  49  4:11  Missile Turret  
  49  4:14  SCV  
  49  4:16  SCV  
  53  4:17  Marauder  
  53  4:26  SCV  
  53  4:27  Starport  
  53  4:28  Factory Reactor, Marine x2  
  53  4:30  SCV  
  57  4:35  Supply Depot  
  57  4:36  Marine  
  57  4:38  SCV, Marine  
  59  4:42  SCV  
  59  4:45  Supply Depot  
  61  4:47  Marine  
  61  4:49  Combat Shield  
  62  4:56  SCV x2, Marine  
  62  4:59  Marauder, Supply Depot  
  67  5:01  Marauder  
  69  5:12  Medivac x2, Marine  
  69  5:13  Concussive Shells  
  74  5:14  Marine  
  75  5:23  Marauder  
  75  5:24  Marauder  
  79  5:29  Supply Depot  
  79  5:30  Marine  
  79  5:33  Command Center  
  80  5:38  Supply Depot  
  80  5:40  Refinery  
  80  5:46  Marauder  
  80  5:47  Marauder  
  80  5:48  Marine x2  
  80  5:49  Factory Reactor  
  86  5:50  Medivac  
  86  5:56  Medivac  
  90  5:57  SCV x2  
  91  6:09  SCV x2  
  93  6:15  Marine x2  
  93  6:16  Marauder x2  
  99  6:38  Marine x2  
  99  6:39  Marauder  
  99  6:40  Widow Mine x2, Medivac  
  99  6:43  Medivac  
  100  6:50  Marauder, SCV x2  
  102  6:55  Terran Infantry Armor Level 1, Barracks x3  
  102  6:59  Marine x2  
  102  7:00  Orbital Command  
  102  7:01  Missile Turret  
  104  7:02  Supply Depot, SCV  
  104  7:08  Armory, SCV  
  106  7:10  Marine  
  106  7:15  Liberator, SCV  
  108  7:19  Liberator  
  108  7:20  Marauder, Marine x2  
  108  7:21  Widow Mine, SCV  
  115  7:29  SCV x2  
  117  7:34  Supply Depot, SCV  
  124  7:43  Supply Depot, SCV  
  125  7:44  Barracks Tech Lab  
  125  7:45  Barracks Tech Lab  
  125  7:46  Barracks Tech Lab  
  125  7:56  SCV x3  
  128  8:02  Supply Depot  
  132  8:05  Marauder, Marine  
  132  8:06  Marauder x3, Marine  
  132  8:07  Marauder  
  132  8:08  Refinery, SCV  
  132  8:09  Supply Depot  
  141  8:17  Terran Ship Weapons Level 1  
  141  8:18  Liberator x2  
  141  8:23  Marine  
  141  8:24  Widow Mine x2  
  148  8:27  Marauder  
  148  8:31  Marauder  
  144  8:35  Marauder x3, Marine  
  153  8:41  Marine  
  153  8:47  Widow Mine x2  
  149  8:48  Marauder  
  149  8:52  Marauder  
  149  8:53  Marine  
  137  8:56  Marauder, Marine  
  137  8:57  Marauder  
  137  8:59  Marine  
  143  9:06  Command Center  
  143  9:07  Refinery  
  145  9:10  Marauder, Marine  
  145  9:13  Marauder  
  145  9:15  Marauder  
  152  9:17  Supply Depot  
  152  9:21  Liberator x2  
  152  9:23  Starport  
  148  9:31  Marine  
  148  9:32  Marauder x3, Marine  
  148  9:35  Supply Depot  
  161  10:03  Liberator x2  
  157  10:07  Liberator  
  157  10:08  Liberator  
  151  10:19  Marine  
  151  10:20  Marauder x3, Marine x2  
  161  10:24  Marauder  
  161  10:26  SCV x2  
  165  10:38  Marauder  
  165  10:41  Marauder  
  169  10:50  Marauder x2, Marine x2  
  169  10:51  Marauder  
  171  11:07  Marine  
  171  11:08  Marauder  
  163  11:13  Marauder x3, Marine x2  
Show
View Real Time Build Order
Export as new Build Order

ArT Protoss 

Build Orders: 1 Gate Expand, Double Forge, Blink Stalkers 

Get SALT Encoding   

  12  0:00  Probe  
  13  0:12  Probe  
  14  0:18  Pylon  
  14  0:25  Probe  
  15  0:34  Probe  
  15  0:36  Gateway  
  15  0:42  Probe  
  16  0:48  Assimilator  
  17  0:53  Probe  
  18  1:05  Probe  
  19  1:17  Probe  
  20  1:26  Nexus  
  20  1:33  Cybernetics Core  
  20  1:36  Probe  
  21  1:43  Assimilator  
  21  1:48  Probe  
  21  1:52  Pylon  
  22  1:59  Probe  
  23  2:08  Probe  
  23  2:11  Warp Gate, Stalker  
  26  2:16  Probe  
  27  2:25  Probe  
  27  2:26  Twilight Council  
  28  2:33  Probe  
  28  2:35  Probe  
  28  2:41  Probe  
  28  2:43  Probe  
  32  2:52  Blink  
  32  2:53  Probe x2  
  34  3:05  Probe x2  
  36  3:17  Probe x2  
  36  3:19  Nexus  
  38  3:26  Robotics Facility  
  38  3:30  Probe x2  
  40  3:37  Gateway  
  40  3:40  Gateway  
  40  3:42  Probe  
  40  3:43  Probe  
  42  3:50  Assimilator  
  42  3:52  Pylon  
  42  3:54  Probe  
  42  3:55  Probe  
  44  3:59  Stalker  
  44  4:00  Pylon  
  46  4:08  Observer  
  46  4:10  Probe x2  
  49  4:23  Probe  
  50  4:25  Stalker  
  50  4:26  Probe  
  50  4:27  Observer  
  50  4:30  Pylon  
  54  4:32  Probe  
  54  4:35  Probe, Sentry, Stalker  
  60  4:38  Probe  
  60  4:39  Forge x2  
  60  4:43  Pylon  
  60  4:44  Probe  
  62  4:48  Observer  
  62  4:50  Probe x2  
  65  4:53  Observer  
  65  4:56  Protoss Ground Weapons Level 1, Gateway x2, Charge  
  65  4:58  Probe  
  66  5:00  Protoss Ground Armor Level 1  
  66  5:05  Observer  
  66  5:06  Gateway x2, Probe  
  67  5:07  Probe  
  67  5:10  Sentry  
  67  5:11  Probe  
  71  5:19  Zealot x2  
  75  5:24  Probe  
  75  5:25  Pylon  
  75  5:27  Probe  
  77  5:33  Warp Prism  
  79  5:35  Zealot  
  79  5:36  Pylon, Probe  
  79  5:37  Probe  
  79  5:40  Pylon  
  83  5:45  Zealot x2  
  83  5:49  Observer  
  86  5:52  Stalker x2  
  90  5:59  Stalker  
  90  6:00  Probe  
  90  6:03  Zealot x2  
  97  6:06  Zealot x2  
  97  6:09  Pylon x2  
  101  6:18  Zealot x2  
  105  6:24  Zealot x3  
  100  6:30  Stalker x2  
  100  6:32  Probe  
  88  6:33  Probe x2  
  89  6:40  Probe  
  89  6:41  Probe  
  89  6:43  Probe  
  89  6:46  Stalker x3  
  95  6:49  Probe  
  95  6:50  Probe  
  95  6:51  Protoss Ground Weapons Level 2  
  95  6:53  Probe  
  97  7:01  Probe  
  97  7:02  Probe  
  97  7:03  Protoss Ground Armor Level 2  
  97  7:05  Assimilator  
  97  7:07  Observer  
  97  7:08  Probe  
  100  7:09  Assimilator  
  100  7:14  Probe  
  101  7:16  Probe  
  101  7:19  Assimilator  
  101  7:20  Probe  
  103  7:24  Pylon  
  103  7:26  Probe  
  103  7:28  Probe  
  105  7:30  Zealot x4  
  105  7:32  Stalker  
  105  7:33  Probe  
  116  7:40  Probe x2  
  118  7:47  Robotics Bay  
  118  7:52  Immortal, Robotics Facility  
  118  7:53  Probe x2  
  118  7:54  Observer  
  114  8:07  Probe  
  114  8:08  Probe x2  
  114  8:10  Zealot x4  
  123  8:20  Shield Battery  
  123  8:21  Shield Battery  
  123  8:23  Sentry x2, Stalker  
  129  8:30  Disruptor  
  129  8:33  Stalker x3  
  123  8:36  Zealot  
  123  8:37  Observer, Disruptor  
  115  8:46  Zealot x3  
  107  8:54  Shield Battery  
  95  8:56  Zealot  
  95  8:57  Zealot x3  
  95  9:01  Probe  
  95  9:02  Probe  
  105  9:06  Zealot  
  107  9:13  Disruptor  
  110  9:17  Nexus  
  110  9:22  Sentry x3  
  116  9:25  Stalker x3  
  116  9:27  Observer  
  116  9:28  Stalker  
  124  9:45  Stalker x3  
  124  9:47  Probe x2  
  132  9:57  Stalker  
  132  9:58  Stalker x3  
  138  10:09  Pylon  
  130  10:17  Zealot  
  119  10:21  Zealot x6  
  119  10:25  Pylon  
  131  10:31  Assimilator  
  127  10:38  Disruptor  
  127  10:42  Observer  
  126  10:43  Pylon  
  126  10:44  Stalker x6  
  142  10:56  Stalker  
  130  11:12  Zealot x2  
  130  11:13  Zealot x3  
  126  11:20  Zealot x2  
  108  11:32  Assimilator  
Tags
 
Add a new tag
Caveats
  • Supply blocks, unpowered buildings, or Contaminate may cause inaccurate times.
  • Supply counts are checked every 10 seconds.